 Dungeon Crawl Stone Soup version 0.30.0-15-g856e2d3f33 (webtiles) character file.

Game seed: 2326070906660247940

72 trckry the Vexing (level 4, -2/32 HPs)
             Began as a Vampire Hexslinger on May 20, 2023.
             Killed from afar by Natasha (8 damage)
             ... with a magic dart
             ... on level 2 of the Dungeon.
             The game lasted 00:03:22 (1153 turns).

trckry the Vexing (Vampire Hexslinger)              Turns: 1153, Time: 00:03:23

Health: -2/32      AC:  3    Str:  9    XL:     4   Next: 7%
Magic:  7/7        EV: 12    Int: 17    God:
Gold:   72         SH:  0    Dex: 14    Spells: 6/7 levels left

rFire   . . .        a - +1 sling
rCold   . . .        (no shield)
rNeg    . . .        c - +0 robe
rPois   .            g - +0 helmet
rElec   .            (no cloak)
rCorr   .            (no gloves)
SInv    +            (no boots)
Will    .....        (no amulet)
Stlth   +            (no ring)
HPRegen 0.45/turn    (no ring)
MPRegen 0.10/turn

%: no passive effects
@: healing quickly, slowed, very slow
A: alive, fangs 3, see invisible, vampiric 2
a: Exsanguinate


You were on level 2 of the Dungeon.
You visited 1 branch of the dungeon, and saw 2 of its levels.

You collected 72 gold pieces.

Inventory:

Hand Weapons
 a - a +1 sling (weapon)
Missiles
 f - 3 poisoned darts
Armour
 c - a +0 robe (worn)
 g - a +0 helmet (worn)
Scrolls
 b - 2 scrolls of poison
 d - a scroll of immolation {unknown}
 e - a scroll of identify {unknown}
 i - a scroll of enchant armour {unknown}
Potions
 h - a potion of invisibility {unknown}
 j - a potion of heal wounds {unknown}


   Skills:
 - Level 1.0 Fighting
 - Level 1.6 Ranged Weapons
 - Level 2.2 Dodging
 + Level 2.1 Spellcasting
 * Level 6.3 Hexes


You had 6 spell levels left.
You knew the following spells:

 Your Spells              Type           Power      Damage    Failure   Level
a - Slow                  Hex            92%        N/A       1%          1

Your spell library contained the following spells:

 Spells                   Type           Power      Damage    Failure   Level
 Cause Fear               Hex            11%        N/A       14%         4
 Inner Flame              Hex/Fire       12%        N/A       16%         3
 Portal Projectile        Hex/Tloc       24%        N/A       16%         3


Dungeon Overview and Level Annotations

Branches:
Dungeon (2/15) Zot: 10784

Altars:

Annotations:
D:2 Natasha


Innate Abilities, Weirdness & Mutations

Your natural rate of healing is accelerated.
You have razor-sharp teeth.
You have supernaturally acute eyesight. (SInv)
You are afflicted with vampirism and can become a bat while bloodless.


Message History

You shoot a sling bullet. The sling bullet hits Natasha.
Natasha is moderately wounded.
You shoot a sling bullet.
The sling bullet completely misses Natasha.
Natasha casts a spell at you.
You feel yourself slow down.
You shoot a sling bullet.
The sling bullet hits Natasha but does no damage.
Natasha is moderately wounded.
Natasha closely misses you.
Natasha mumbles some strange words.
You shoot a sling bullet. The sling bullet barely misses Natasha.
Natasha closely misses you.
The cerulean imp hits you with a +2 spear.
Natasha claws you.
The cerulean imp hits you but does no damage.
You take 5 damage, and have 24/32 hp.
You shoot a sling bullet. The sling bullet barely misses Natasha.
Natasha misses you.
The cerulean imp hits you with a +2 spear.
Natasha drinks a potion.
Natasha seems to grow stronger.
You take 4 damage, and have 20/32 hp.
You are too injured to fight recklessly!
Natasha attacks as you move away! Natasha claws you.
The cerulean imp attacks as you move away!
The cerulean imp completely misses you.
The cerulean imp hits you from afar with a +2 spear.
The cerulean imp closely misses you.
You take 4 damage, and have 16/32 hp.
Natasha attacks as you move away! Natasha closely misses you.
The cerulean imp barely misses you.
Natasha howls an incantation.
Natasha glows brightly for a moment.
Natasha closely misses you. Natasha attacks as you move away!
Natasha claws you!
* * * LOW HITPOINT WARNING * * *
The cerulean imp barely misses you. Natasha casts a spell at you.
The magic dart hits you!
You die...

########## #........#
#........# ##
#######......... .##
#.........#######... .#
#........##......###....
#....................# ##
.. #........##.....@####
.##..
#.......########.h5.##
..... #.......# ####..#
#.... ###)..###
#######.##..# .......#
............# .....#.#
............# ..#..#.#
...........## .##..#.#
...........#
.....#.######.....$.....#


You could see Natasha (strong) and a cerulean imp (summoned).

Vanquished Creatures
  A gnoll (D:1)
  3 dart slugs
  6 bats (D:1)
  5 endoplasms (D:1)
  7 giant cockroaches
  2 goblins (D:1)
  4 hobgoblins
  4 jackals
  6 kobolds
  4 quokkas (D:2)
  2 ball pythons (D:1)
  2 frilled lizards
  5 rats
51 creatures vanquished.

Notes
Turn   | Place    | Note
-------+----------+-------------------------------------------
     0 | D:1      | trckry the Vampire Hexslinger began the quest for the Orb.
     0 | D:1      | Reached XP level 1. HP: 14/14 MP: 2/2
    85 | D:1      | Reached skill level 1 in Fighting
   196 | D:1      | Reached XP level 2. HP: 21/21 MP: 3/3
   214 | D:1      | Reached skill level 5 in Hexes
   418 | D:1      | Gained mutation: You are afflicted with vampirism and can
                  | become a bat while bloodless. [Vampire growth]
   418 | D:1      | Reached XP level 3. HP: 26/26 MP: 5/5
   783 | D:1      | Reached skill level 6 in Hexes
   914 | D:2      | Noticed Natasha
  1060 | D:2      | Reached XP level 4. HP: 27/32 MP: 7/7
  1153 | D:2      | Killed from afar by Natasha

Illustrated notes

Levels and vault maps discovered:
D:1:      wheals_arrival_shading, layout_loops_corners
D:2:      layout_rooms, basic_ecumenical_altar, uniq_natasha

Skill      XL: |  1  2  3 |
---------------+----------+-----
Fighting       | 1 |  1.0
Hexes          | 5 6 |  6.3
Spellcasting   | 2 |  2.1
Ranged Weapons | |  1.6
Dodging        | |  2.2

Action                     |  1- 3 |  4- 6 || total
---------------------------+-------+-------++-------
   Fire: Sling             |   152 |    28 ||   180
 Armour: Robe              |    21 |     4 ||    25
  Dodge: Dodged            |    64 |    25 ||    89
